 Dungeon Crawl Stone Soup version 0.27.0-1-g7a089689b8 (webtiles) character file.

Game seed: 2372948397951681600

161 Strat the Skirmisher (level 5, -1/42 HPs)
             Began as a Mummy Abyssal Knight on Aug 1, 2021.
             Was a Believer of Lugonu.
             Slain by a lemure (3 damage)
             ... led by Pikel
             ... on level 3 of the Dungeon.
             The game lasted 00:07:12 (3354 turns).

Strat the Skirmisher (Mummy Abyssal Knight)         Turns: 3354, Time: 00:07:13

Health: -1/42      AC:  9    Str: 16    XL:     5   Next: 19%
Magic:  6/6        EV:  6    Int: 11    God:    Lugonu [**....]
Gold:   136        SH:  0    Dex: 12    Spells: 4/4 levels left

rFire    x . .     SeeInvis .   a - +1 falchion
rCold    + . .     Faith    .   (no shield)
rNeg     + + +     Spirit   .   h - +0 chain mail
rPois    ∞         Reflect  .   j - +0 helmet
rElec    .         Harm     .   (no cloak)
rCorr    .         Rampage  .   (no gloves)
Will     .....                  (no boots)
Stlth    ..........             (no amulet)
HPRegen  0.14/turn              (no ring)
MPRegen  0.10/turn              (no ring)

@: no status effects
A: cold resistance 1, negative energy resistance 3, torment resistance 2, heat
vulnerability 1, no potions
a: Renounce Religion, Depart the Abyss, Bend Space


You were on level 3 of the Dungeon.
You worshipped Lugonu.
Lugonu was pleased with you.
You visited 1 branch of the dungeon, and saw 4 of its levels.
You visited the Abyss 1 time.

You collected 136 gold pieces.

Inventory:

Hand Weapons
 a - a +1 falchion (weapon)
 b - the +3 hunting sling of Judgement {flame, rPois}
   (You acquired it on level 2 of the Dungeon)

   Any ammunition fired from it burns those it strikes, dealing additional fire
   damage.
   rPois:     It protects you from poison.
Missiles
 m - 7 sling bullets
Armour
 c - a +0 scale mail
 e - a +0 leather armour
 h - a +0 chain mail (worn)
 j - a +0 helmet (worn)
Jewellery
 i - a ring of protection from fire
Wands
 k - a wand of iceblast (9)
Scrolls
 d - a scroll of holy word {unknown}
 f - a scroll of noise {unknown}
 g - 2 scrolls of identify {unknown}
 l - a scroll of teleportation {unknown}


   Skills:
 + Level 4.1 Fighting
 * Level 3.8 Long Blades
 - Level 1.5 Armour
 - Level 0.7 Dodging
 - Level 1.5 Invocations


You had 4 spell levels left.
You didn't know any spells.
Your spell library contained the following spells:

 Spells                   Type           Power      Damage    Failure   Level
 Sandblast                Erth           0%         2d4       100%        1
 Passwall                 Tmut/Erth      0%         N/A       100%        2
 Passage of Golubria      Tloc           N/A        N/A       100%        4
 Lee's Rapid Deconstruct  Erth           0%         3d5*      100%        5
 Silence                  Hex/Air        0%         N/A       100%        5
 Lehudib's Crystal Spear  Conj/Erth      0%         10d2      100%        8


Dungeon Overview and Level Annotations

Branches:
Dungeon (4/15)
 Temple: D:4-7

Altars:
Cheibriados

Annotations:
D:3 2 transporters, 0gre's ghost, amateur GnIE
D:4 Pikel


Innate Abilities, Weirdness & Mutations

You are immune to poison.
Your flesh is cold resistant. (rC+)
You are immune to negative energy. (rN+++)
You are immune to unholy pain and torment.
You are vulnerable to heat. (rF-)
You do not drink.


Message History

The lemure is severely wounded.
The lemure hits you.
* * * LOW HITPOINT WARNING * * *
You closely miss the lemure.
The lemure is severely wounded.
The lemure hits you but does no damage.
You hit the lemure.
The lemure is severely wounded.
The lemure hits you.
* * * LOW HITPOINT WARNING * * *
You miss the lemure.
The lemure is severely wounded.
The lemure hits you but does no damage.
You barely miss the lemure.
The lemure is severely wounded.
The lemure hits you but does no damage.
You hit the lemure but do no damage.
The lemure is severely wounded.
The lemure hits you.
* * * LOW HITPOINT WARNING * * *
The lemure hits you.
* * * LOW HITPOINT WARNING * * *
You barely miss the lemure.
The lemure is severely wounded.
The lemure hits you but does no damage.
You barely miss the lemure.
The lemure is severely wounded.
The lemure hits you.
* * * LOW HITPOINT WARNING * * *
Your chain mail prevents you from hitting the lemure.
The lemure is severely wounded.
The lemure hits you.
* * * LOW HITPOINT WARNING * * *
You hit the lemure.
The lemure is almost dead.
The lemure barely misses you.
You hit the lemure but do no damage.
The lemure is almost dead.
The lemure hits you.
You die...

#.# #...#.##.....###########..#
#.# #####.#.......#.......#..##
#.# ####....>....#####†##.##.
#.# #....♣.....♣....#..#..#..
#.# #.#..........##.#.##.##..
#.# #.#....♣.♣...##.#.##.#†..
#.#####.##............#.#..#.##
#....##.##)♣..5..♣......#..#...
####.##.##....@....######.....#
#......#.......#######.#####
####...##.....##....##.#####
##...###########.##......
###....#.####.# #.####†###
#...<..'......# #.# #.###
#.#....#.####.# #.# #....
#.#.........#.# #.# #....
#.#.#+#.≈≈.≈..###.# #....


You could see a lemure.

Vanquished Creatures
  A centaur zombie (D:3)
  3 adders (D:3)
  2 worms (D:3)
  11 dart slugs
  2 orcs (D:2)
  7 ball pythons
  10 bats
  4 endoplasms
  A giant cockroach (D:1)
  7 hobgoblins
  3 jackals (D:2)
  A quokka (D:1)
  3 frilled lizards
  7 goblins
  5 kobolds
  6 rats
73 creatures vanquished.

Vanquished Creatures (others)
  An adder (D:3)
1 creature vanquished.

Grand Total: 74 creatures vanquished

Notes
Turn   | Place    | Note
-------+----------+-------------------------------------------
     0 | Abyss:1  | Strat the Mummy Abyssal Knight began the quest for the Orb.
     0 | Abyss:1  | Reached XP level 1. HP: 18/18 MP: 2/2
    13 | D:1      | Escaped the Abyss
   205 | D:1      | Reached XP level 2. HP: 24/24 MP: 3/3
   304 | D:1      | Found a faded altar of an unknown god.
  1217 | D:2      | Reached XP level 3. HP: 28/29 MP: 4/4
  1524 | D:2      | Identified a scroll of acquirement
  1524 | D:2      | Acquired the +3 hunting sling of Judgement {flame, rPois}
  1627 | D:2      | Reached ** piety under Lugonu
  1681 | D:2      | You fall into a shaft and drop 1 floor!
  1734 | D:3      | Found a snail-covered altar of Cheibriados.
  1782 | D:3      | Found a transporter.
  1782 | D:3      | Noticed 0gre's ghost (amateur GnIE)
  1784 | D:3      | Found a transporter.
  1819 | D:3      | Reached XP level 4. HP: 26/37 MP: 5/5
  2530 | D:3      | Reached skill level 4 in Fighting
  3045 | D:2      | Reached XP level 5. HP: 42/42 MP: 6/6
  3322 | D:4      | Noticed a lemure
  3325 | D:4      | Noticed a lemure
  3326 | D:4      | Noticed Pikel
  3329 | D:4      | Noticed a lemure
  3331 | D:4      | Noticed a lemure
  3352 | D:3      | HP: 2/42 [lemure[Pikel] (4)]
  3354 | D:3      | Slain by a lemure

Illustrated notes

Levels and vault maps discovered:
D:1:      nzn_arrival_crosshair, layout_basic,
          shapermc_ecumenical_altar_acropolis, serial_glass, glass_columns_b,
          glass_columns_a
D:2:      layout_rooms, minmay_misc_feat_diagonals, corexii_corridor_pit,
          minivault_4, glass_columns_a
D:3:      minmay_evil_eye, layout_basic, general_overflow_altar,
          gammafunk_ghost_arena, nrook_campfire, grunt_ministairs_10,
          chequers_serial_rivers_marsh
D:4:      kennysheep_slugbush, layout_cave_pools,
          nicolae_overflow_hidden_temple, grunt_ministairs_14, dk_vineyard_3,
          uniq_pikel

Skill      XL: |  1  2  3  4 |
---------------+-------------+-----
Long Blades    | 2 3 |  3.8
Fighting       | 4 |  4.1
Armour         | |  1.5
Dodging        | |  0.7
Invocations    | |  1.5

Action                   |  1- 3 |  4- 6 || total
-------------------------+-------+-------++-------
Melee: Falchion          |    92 |    72 ||   164
 Fire: Hunting sling     |    15 |    41 ||    56
  Use: Scroll            |     1 |       ||     1
Armor: Scale mail        |    48 |    33 ||    81
       Chain mail        |       |    30 ||    30
Dodge: Dodged            |    55 |    34 ||    89
       Rpst.: Falchion   |    17 |     9 ||    26
